 Dungeon Crawl Stone Soup version 0.30-a0-939-gc8157cb160 (webtiles) character file.

Game seed: 2100364777366118846

52 DeathPants the Cutter (level 3, 0/18 HPs)
             Began as a Vine Stalker Gladiator on Mar 25, 2023.
             Slain by Terence
             ... wielding a +0 flail
              (4 damage)
             ... on level 3 of the Dungeon.
             The game lasted 00:03:52 (1402 turns).

DeathPants the Cutter (Vine Stalker Gladiator)      Turns: 1402, Time: 00:03:53

Health: 0/18       AC:  4    Str: 16    XL:     3   Next: 85%
Magic:  0/5        EV: 12    Int:  8    God:
Gold:   90         SH:  0    Dex: 17    Spells: 4/4 levels left

rFire   . . .      SeeInvis .    a - +0 rapier
rCold   . . .      Faith    .    (no shield)
rNeg    . . .      Spirit   +    b - +0 leather armour
rPois   .          Reflect  .    c - +0 helmet
rElec   .          Rampage  .    (no cloak)
rCorr   .                        (no gloves)
Will    .....                    (no boots)
Stlth   +                        (no amulet)
HPRegen 0.23/turn                (no ring)
MPRegen 0.09/turn                (no ring)

@: mighty, hasted, very quick
A: fangs 2, magic shield, antimagic bite, no potion heal 2
a: no special abilities


You were on level 3 of the Dungeon.
You visited 1 branch of the dungeon, and saw 3 of its levels.

You collected 90 gold pieces.

Inventory:

Hand Weapons
 a - a +0 rapier (weapon)
Missiles
 d - 3 throwing nets (quivered)
 e - a javelin
Armour
 b - a +0 leather armour (worn)
 c - a +0 helmet (worn)
Scrolls
 f - a scroll of immolation {unknown}
 i - a scroll of poison {unknown}
 k - a scroll of butterflies {unknown}
Potions
 h - a potion of haste
 l - 2 potions of berserk rage {unknown}
 m - 2 potions of mutation {unknown}
 n - a potion of attraction {unknown}
 o - a potion of ambrosia {unknown}


   Skills:
 + Level 2.2 Fighting
 * Level 3.4 Short Blades
 - Level 1.7 Throwing
 + Level 2.8 Dodging
 + Level 1.2 Spellcasting


You had 4 spell levels left.
You didn't know any spells.
Your spell library contained the following spells:

 Spells                   Type           Power      Damage    Failure   Level
 Magic Dart               Conj           0%         1d3       43%         1
 Searing Ray              Conj           0%         2d4       58%         2
 Fulminant Prism          Conj/Hex       0%         3d5       99%         4
 Borgnjor's Revivificati  Necr           0%         N/A       100%        8
 Necromutation            Tmut/Necr      0%         N/A       100%        8
 Death's Door             Necr           0%         N/A       100%        9


Dungeon Overview and Level Annotations

Branches:
Dungeon (3/15)

Altars:

Annotations:
D:3 Terence


Innate Abilities, Weirdness & Mutations

You have extremely sharp teeth.
When hurt, damage is shared between your health and your magic reserves.
Your bite disrupts and absorbs the magic of your enemies.
Potions cannot restore your health.


Message History

There is an open door here.
There is a stone staircase leading down here.
You climb downwards.
Level annotation: Terence Terence closely misses you.
The bat barely misses you. Terence closely misses you.
There is a stone staircase leading up here.
Okay, then.
You feel yourself speed up. The bat hits you. Terence closely misses you.
You hit Terence but do no damage. Your bite misses Terence.
The bat hits you but does no damage.
You hit Terence.
Terence is lightly wounded.
The bat barely misses you. Terence hits you with a +0 flail.
You hit Terence but do no damage.
Terence is lightly wounded.
The bat closely misses you. Terence hits you with a +0 flail.
You barely miss Terence. Your bite misses Terence.
Terence is lightly wounded.
The bat hits you but does no damage.
You hit Terence. You bite Terence, but do no damage.
Terence is moderately wounded.
Terence hits you with a +0 flail! The bat barely misses you.
You hit Terence. You bite Terence, but do no damage.
Terence is moderately wounded.
The bat hits you but does no damage. Terence hits you with a +0 flail.
You closely miss Terence.
Terence is moderately wounded.
The bat closely misses you.
You hit Terence but do no damage. You bite Terence. You drain his power.
You feel invigorated.
Terence is heavily wounded.
The bat hits you. Terence hits you with a +0 flail.
* * * LOW HITPOINT WARNING * * *
You feel very mighty all of a sudden. Terence barely misses you.
You barely miss Terence. Your punch misses Terence. Your bite misses Terence.
Terence is heavily wounded.
The bat misses you. Terence hits you with a +0 flail.
You die...

#########
#@)b.....
#..@......
#..........
#..........
#..........
#..........
#..........
##.........


You could see Terence and a bat.

Vanquished Creatures
  An adder (D:1)
  A worm (D:2)
  4 endoplasms
  A giant cockroach (D:1)
  6 goblins
  4 hobgoblins
  3 jackals (D:1)
  3 quokkas
  A ball python (D:1)
  5 bats
  2 frilled lizards
  3 kobolds
  3 rats
37 creatures vanquished.

Vanquished Creatures (others)
  2 fungi (D:1)
  2 plants (D:1)
4 creatures vanquished.

Grand Total: 41 creatures vanquished

Notes
Turn   | Place    | Note
-------+----------+-------------------------------------------
     0 | D:1      | DeathPants the Vine Stalker Gladiator began the quest for
                  | the Orb.
     0 | D:1      | Reached XP level 1. HP: 11/11 MP: 2/2
     2 | D:1      | Noticed a troll
     2 | D:1      | Noticed a gargoyle
     4 | D:1      | Noticed an elf
     6 | D:1      | Noticed a formicid
     6 | D:1      | Noticed a demonspawn
     8 | D:1      | Noticed an ogre
     8 | D:1      | Noticed a spriggan
    10 | D:1      | Noticed an octopode
    10 | D:1      | Noticed a demigod
    12 | D:1      | Noticed an armataur
    12 | D:1      | Noticed a human
    14 | D:1      | Noticed a draconian
    14 | D:1      | Noticed a ghoul
    16 | D:1      | Noticed a meteoran
    16 | D:1      | Noticed a vampire
    19 | D:1      | Noticed a minotaur
    21 | D:1      | Noticed a tengu
    23 | D:1      | Noticed a naga
    23 | D:1      | Noticed a vine stalker
    25 | D:1      | Noticed a felid
    25 | D:1      | Noticed a gargoyle
    27 | D:1      | Noticed a human
    27 | D:1      | Noticed a merfolk
   191 | D:2      | Reached XP level 2. HP: 15/15 MP: 3/3
   222 | D:1      | Reached skill level 3 in Short Blades
   321 | D:1      | Found a faded altar of an unknown god.
   546 | D:1      | Reached XP level 3. HP: 18/18 MP: 5/5
   808 | D:2      | Reached skill level 1 in Spellcasting
   842 | D:3      | Noticed a scorpion
  1144 | D:3      | Noticed Terence
  1402 | D:3      | Slain by Terence

Illustrated notes

Levels and vault maps discovered:
D:1:      kb_arrival_jail, layout_loops_ring,
          shapermc_ecumenical_altar_mp_urbaneastern
D:2:      layout_basic
D:3:      layout_rooms, gammafunk_temple_overflow_elements, serial_shops,
          nicolae_shop_overgrown_old_shop, uniq_terence

Skill      XL: |  1  2  3 |
---------------+----------+-----
Fighting       | 2 |  2.2
Short Blades   | 3 |  3.4
Spellcasting   | 1 |  1.2
Throwing       | |  1.7
Dodging        | |  2.8

Action                     || total
---------------------------++-------
  Melee: Rapier            ||    92
         Bite              ||    17
         Punch             ||     1
    Use: Scroll            ||     2
         Potion            ||     2
   Stab: Sleeping          ||     1
 Armour: Leather armour    ||    34
  Dodge: Dodged            ||    67

Table legend: (Time is in decaauts)
 A = Elapsed time spent in this place.
 B = Non-inter-level travel time spent in this place.
 C = Inter-level travel time spent in this place.
 D = Time resting spent in this place.
 E = Time spent auto-exploring this place.
 F = Levels seen in this place.
 G = Mean time per level.
                   A        B        C        D        E       F      G
               +--------+--------+--------+--------+--------+-----+--------+
         Total |   1405 |   1347 |     58 |     44 |    894 |   3 |  468.3 |
       Dungeon |   1405 |   1347 |     58 |     44 |    894 |   3 |  468.3 |
               +--------+--------+--------+--------+--------+-----+--------+

Top non-repeatable levels by time:
     D:1: 775 daAuts
     D:2: 604 daAuts
     D:3: 25 daAuts
